AoeStats
← fuzziehoodie

Arena

504561744Analyzed
1v1 RM · 25d ago on Sep 5, 2026· 40m 30s· 2 players
Game mode
Random Map
Map size
Tiny (2 player)
Population
200
Speed
Normal
Resources
Standard
Victory
Conquest
Starting age
Dark Age
Ending age
Imperial Age
RankedLock teamsTeams togetherTeam positionsShared explorationLock speedFull tech treeHidden civsTurbo modeCheats
Victory
Defeat
🇷🇴 Franks · Romania
500
+14
🇩🇪 Teutons · Germany
465
-14
fuzziehoodie
9:54 Feudal Age
14:51 Double-Bit Axe
21:01 Castle Age
31:39 Imperial Age
40:25 Cavalier
lemessia10
7:00 Loom
11:33 Feudal Age
12:00 Double-Bit Axe
13:00 Wheelbarrow
14:18 Gold Mining
14:19 Stone Mining
22:31 Castle Age
23:34 Scale Barding Armor
23:29 Scale Mail Armor
25:59 Chain Barding Armor
25:54 Chain Mail Armor
26:57 Hand Cart
28:00 Gold Shaft Mining
30:02 Husbandry
30:05 Elite Skirmisher
32:50 Bow Saw
36:44 Imperial Age
34:48 Fortified Wall
37:33 Masonry
38:03 Hoardings
37:01 Cavalier
Connection lost

Rejoining the realm…

Still unreachable

The connection could not be restored.

Session expired

The server has moved on; the page needs a fresh start.